 Dungeon Crawl Stone Soup version 0.32-a0-913-g739538afd8 (webtiles) character file.

Game seed: 977036133463651033

105 MoonlitKnight the Shooter (level 4, -2/33 HPs)
             Began as a Coglin Hunter on Apr 7, 2024.
             Killed from afar by an orc wizard (10 damage)
             ... with a puff of flame
             ... on level 3 of the Dungeon.
             The game lasted 00:01:27 (1727 turns).

MoonlitKnight the Shooter (Coglin Hunter)           Turns: 1727, Time: 00:01:29

Health: -2/33      AC:  3    Str: 12    XL:     4   Next: 81%
Magic:  4/4        EV: 11    Int:  8    God:
Gold:   103        SH:  0    Dex: 19    Spells: 3/3 levels left

rFire   . . .        a - +2 sling {Santos}
rCold   . . .        d - +0 sling {Chang}
rNeg    . . .        c - +0 leather armour
rPois   .            (no helmet)
rElec   .            (no cloak)
rCorr   .            (no gloves)
SInv    .            (no boots)
Will    .....        (amulet unavailable)
Stlth   +            (ring unavailable)
HPRegen 0.25/turn    (ring unavailable)
MPRegen 0.09/turn    (no gizmo)

%: no passive effects
@: confused, revving
A: off-hand wielding, slow wielding, warmup strikes, no jewellery
a: Invent Gizmo, Convert to Beogh


You were on level 3 of the Dungeon.
You visited 1 branch of the dungeon, and saw 3 of its levels.

You collected 103 gold pieces.

Inventory:

Hand Weapons
 a - a +2 sling (weapon) {Santos}
 d - a +0 sling (offhand) {Chang}
Missiles
 e - 20 stones
 o - 2 poisoned darts
Armour
 c - a +0 leather armour (worn)
Scrolls
 b - a scroll of butterflies
 f - a scroll of enchant weapon {unknown}
 h - a scroll of fog {unknown}
 i - a scroll of noise {unknown}
 j - 3 scrolls of fear {unknown}
 k - 3 scrolls of teleportation {unknown}
 n - a scroll of poison {unknown}
Potions
 g - 2 potions of enlightenment {unknown}
 l - a potion of curing {unknown}
 m - a potion of lignification {unknown}
 p - a potion of heal wounds {unknown}


   Skills:
 - Level 2.0 Fighting
 + Level 5.5 Ranged Weapons
 - Level 1.7 Dodging
 - Level 0.7 Stealth


You had 3 spell levels left.
You didn't know any spells.
Your spell library contained the following spells:

 Spells                   Type           Power      Damage    Failure   Level
 Freeze                   Ice            0%         1d3       50%         1
 Frozen Ramparts          Ice            0%         1d1       86%         3
 Hailstorm                Conj/Ice       0%         3d5       86%         3


Dungeon Overview and Level Annotations

Branches:
Dungeon (3/15)

Altars:


Innate Abilities, Weirdness & Mutations

You can wield a second weapon in your off-hand.
It takes a long time for you to wield or remove held weapons.
Your first few attacks do less damage.
You cannot equip rings or amulets.


Message History

You kill the adder!
No target in view!
No target in view!
You start resting.
HP restored.
No target in view!
You climb downwards.
The orc barely misses you. The orc hits you with a +0 mace.
There is a stone staircase leading up here.
You shoot a sling bullet. The sling bullet hits the orc.
The orc is severely wounded.
You shoot a sling bullet.
The sling bullet hits the orc but does no damage.
The orc is severely wounded.
The orc barely misses you.
You shoot a sling bullet.
The sling bullet closely misses the orc.
You shoot a sling bullet. The sling bullet hits the orc.
You kill the orc!
The orc priest mumbles some strange prayers to Beogh against you.
Beogh smites you!
You shoot a sling bullet. The sling bullet hits the orc wizard.
The orc wizard is lightly wounded.
You shoot a sling bullet.
The sling bullet closely misses the orc wizard.
The orc wizard casts a spell at you.
You are confused.
You are too confused!
You are too confused!
You are too confused!
You are too confused!
Unknown command.
The orc wizard casts a spell at you. The puff of flame hits you!
* * * LOW HITPOINT WARNING * * *
In your confused state, you trip and fall back down the stairs.
* * * LOW HITPOINT WARNING * * *
The orc wizard gestures at you while chanting.
The puff of flame hits you!
You die...

##.#..........#######
#.............#
................#
.)..##..........#####
###. ##...)..........
#>....#...)...####
####.......o....#
#......#รท###.#
#......#oo@#
######.#.### #.#.#
#.### #.. #.


You could see an orc priest and an orc wizard.

Vanquished Creatures
  6 adders
  A dart slug (D:3)
  A ribbon worm (D:2)
  2 orcs (D:3)
  5 endoplasms
  2 giant cockroaches (D:2)
  4 goblins
  3 hobgoblins
  5 jackals (D:1)
  A kobold (D:2)
  2 quokkas
  A ball python (D:1)
  5 bats
  5 rats
43 creatures vanquished.

Notes
Turn   | Place    | Note
-------+----------+-------------------------------------------
     0 | D:1      | MoonlitKnight the Coglin Hunter began the quest for the
                  | Orb.
     0 | D:1      | Reached XP level 1. HP: 16/16 MP: 1/1
    80 | D:1      | Reached skill level 4 in Ranged Weapons
    80 | D:1      | Reached XP level 2. HP: 22/22 MP: 2/2
   654 | D:2      | Reached XP level 3. HP: 24/27 MP: 3/3
  1114 | D:2      | Reached skill level 5 in Ranged Weapons
  1117 | D:2      | Reached XP level 4. HP: 33/33 MP: 4/4
  1727 | D:3      | Killed from afar by an orc wizard

Illustrated notes

Levels and vault maps discovered:
D:1:      amcnicky_arrival_single_pillar, layout_loops_ring, minmay_cupped
D:2:      minmay_evil_eye, layout_loops_ring, serial_aquarium,
          aquarium_bridge_square [aquarium_subvault_balcony,
          aquarium_subvault_wall, aquarium_subvault_bridge,
          aquarium_subvault_window], aquarium_bridge_straight
          [aquarium_subvault_bridge, aquarium_subvault_window,
          aquarium_subvault_bridge, aquarium_subvault_balcony],
          aquarium_window_3, aquarium_window_corner, aquarium_window_fake,
          aquarium_window_fake, aquarium_view_2d, aquarium_pool_2,
          grunt_decor_arrowhead
D:3:      layout_basic, nicolae_half_adder, uniq_crazy_yiuf_cottage,
          uniq_natasha

Skill      XL: |  1  2  3 |
---------------+----------+-----
Ranged Weapons | 4 5 |  5.5
Fighting       | |  2.0
Dodging        | |  1.7
Stealth        | |  0.7

Action                     |  1- 3 |  4- 6 || total
---------------------------+-------+-------++-------
   Fire: Sling             |   136 |    90 ||   226
 Armour: Leather armour    |    16 |    20 ||    36
  Dodge: Dodged            |    17 |    23 ||    40

Table legend: (Time is in decaauts)
 A = Elapsed time spent in this place.
 B = Non-inter-level travel time spent in this place.
 C = Inter-level travel time spent in this place.
 D = Time resting spent in this place.
 E = Time spent auto-exploring this place.
 F = Levels seen in this place.
 G = Mean time per level.
                   A        B        C        D        E       F      G
               +--------+--------+--------+--------+--------+-----+--------+
         Total |   1751 |   1677 |     74 |     55 |   1404 |   3 |  583.7 |
       Dungeon |   1751 |   1677 |     74 |     55 |   1404 |   3 |  583.7 |
               +--------+--------+--------+--------+--------+-----+--------+

Top non-repeatable levels by time:
     D:2: 939 daAuts
     D:1: 603 daAuts
     D:3: 208 daAuts
